 Dungeon Sprint DCSS version 0.19-a0-1827-g174f941 (webtiles) character file.

242 Theye the Carver (level 5, -5/50 HPs)
             Began as a Deep Dwarf Gladiator on Oct 7, 2016.
             Was a Follower of Makhleb.
             Slain by a gargoyle
             ... wielding a +0 flail
              (13 damage)
             ... in the Dungeon (Sprint IX: "|||||||||||||||||||||||||||||").
             The game lasted 00:00:49 (176 turns).

Theye the Carver (Deep Dwarf Gladiator)              Turns: 176, Time: 00:00:50

Health: -5/50      AC:  9    Str: 21    XL:     5   Next: 81%
Magic:  7/9        EV: 13    Int:  9    God:    Makhleb [*.....]
Gold:   0          SH:  0    Dex: 14    Spells: 0 memorised, 4 levels left

rFire  . . .     SeeInvis .     a - +0 long sword
rCold  . . .     Gourm    .     s - +1 scale mail
rNeg   . . .     Faith    .     (no shield)
rPois  .         Spirit   .     r - +0 helmet
rElec  .         Dismiss  .     (no cloak)
rCorr  .         Reflect  .     (no gloves)
MR     .....     Harm     .     (no boots)
Stlth  .......... NoTele   +    (no amulet)
                                (no ring)
                                t - +3 ring of strength

@: exhausted, non-regenerating, slowed, very slow
A: damage resistance, recharge devices, sense surroundings 1, slow regeneration
3
a: Device Recharging, Renounce Religion


You were in the Dungeon.
You worshipped Makhleb.
Makhleb was aware of your devotion.
You were not hungry.

You visited 1 branch

Inventory:

Hand Weapons
 a - a +0 long sword (weapon)
 q - a +2 scimitar of holy wrath
Missiles
 d - 3 throwing nets (quivered)
Armour
 b - a +0 leather armour
 c - a +0 helmet
 r - a +0 helmet (worn)
 s - a +1 scale mail (worn)
Jewellery
 t - a +3 ring of strength (left hand)
 u - a +3 ring of intelligence
Wands
 e - a wand of heal wounds (4/9)
 p - a wand of acid (6/15)
Scrolls
 l - 2 scrolls of blinking
 n - 3 scrolls of remove curse
 o - 2 scrolls of amnesia
Potions
 g - 5 potions of curing
 h - 3 potions of heal wounds
 i - a potion of haste
 j - 4 potions of magic
 m - a potion of invisibility
Comestibles
 f - a bread ration


   Skills:
 + Level 3.8 Fighting
 * Level 9.5 Long Blades
 - Level 1.7 Throwing
 + Level 3.2 Armour
 + Level 5.7 Dodging
 * Level 5.7 Evocations


You had 4 spell levels left.
You didn't know any spells.

Dungeon Overview and Level Annotations

Branches:
Dungeon (1/1)

Altars:
Cheibriados
Dithmenos
Elyvilon
Fedhas
Gozag
Hepliaklqana
Kikubaaqudgha
Makhleb
Nemelex Xobeh
Okawaru
Qazlal
Ru
Sif Muna
Trog
Uskayaw
Vehumet
Xom
Yredelemnul
Zin
The Shining One
Beogh
Jiyva
Lugonu


Innate Abilities, Weirdness & Mutations

You are resistant to damage.
You can recharge devices by infusing magical energy.
You passively map a small area around you.
You do not regenerate.


Message History

The gargoyle barely misses you.
You riposte.
You hit the gargoyle but do no damage.
The gargoyle is severely damaged.
You hit the gargoyle but do no damage.
The gargoyle is severely damaged.
The gargoyle hurls a stone arrow at you.
The stone arrow misses you.
You hit the gargoyle but do no damage.
The gargoyle is severely damaged.
The gargoyle hurls a stone arrow at you.
The stone arrow hits you!
* * * LOW HITPOINT WARNING * * *
You are too injured to fight recklessly!
You are too injured to fight recklessly!
You are too injured to fight recklessly!
You are too injured to fight recklessly!
Your scale mail prevents you from hitting the gargoyle.
The gargoyle is severely damaged.
The gargoyle hits you with a flail!
You die...

, ,+ , * * * * , , , , **
*** ** , ,, , , +,, * * *
* ** , ,, , ,, ,
▓▓▓▓▓▓▓▓▓▓▓▓▓▓▓▓▓▓▓▓▓▓▓▓
, ,
+.....9@(..[.)|..'._____
*▓▓▓▓▓▓▓▓▓▓▓▓▓▓▓▓▓▓▓▓▓▓▓▓


You could see a gargoyle.

Vanquished Creatures
  A centaur (D)
  A killer bee (D)
  A crimson imp (D)
  An orc wizard (D)
  A worker ant (D)
  2 adders (D)
  An adder zombie (D)
  An orc (D)
  A bat (D)
  A hobgoblin (D)
  A giant cockroach zombie (D)
  A kobold (D)
  2 rats (D)
15 creatures vanquished.

Vanquished Creatures (others)
  A spatial maelstrom (D)
1 creature vanquished.

Grand Total: 16 creatures vanquished

Notes
Turn   | Place    | Note
-------+----------+-------------------------------------------
     0 | D        | Theye the Deep Dwarf Gladiator began the quest for the Orb.
     0 | D        | Reached XP level 1. HP: 19/19 MP: 1/1
     9 | D        | Reached skill level 1 in Evocations
     9 | D        | Banished a spatial maelstrom
    21 | D        | Noticed a crimson imp
    21 | D        | Noticed an orc wizard
    29 | D        | Killed an orc wizard
    29 | D        | Reached skill level 5 in Long Blades
    29 | D        | Reached XP level 2. HP: 24/27 MP: 4/4
    29 | D        | Reached XP level 3. HP: 29/33 MP: 5/5
    75 | D        | Reached skill level 6 in Long Blades
    75 | D        | Reached skill level 1 in Armour
    75 | D        | Reached skill level 5 in Dodging
    75 | D        | Reached XP level 4. HP: 21/40 MP: 6/6
    81 | D        | Found a roughly hewn altar of Beogh.
    81 | D        | Found a snail-covered altar of Cheibriados.
    81 | D        | Found a shadowy altar of Dithmenos.
    81 | D        | Found a white marble altar of Elyvilon.
    81 | D        | Found a blossoming altar of Fedhas.
    81 | D        | Found an opulent altar of Gozag.
    82 | D        | Found a hazy altar of Hepliaklqana.
    83 | D        | Found a viscous altar of Jiyva.
    84 | D        | Found an ancient bone altar of Kikubaaqudgha.
    85 | D        | Found a corrupted altar of Lugonu.
    86 | D        | Found a burning altar of Makhleb.
    87 | D        | Found a sparkling altar of Nemelex Xobeh.
    88 | D        | Found an iron altar of Okawaru.
    89 | D        | Found a stormy altar of Qazlal.
    90 | D        | Found a sacrificial altar of Ru.
    91 | D        | Found a deep blue altar of Sif Muna.
    92 | D        | Found a bloodstained altar of Trog.
    93 | D        | Found a hide-covered altar of Uskayaw.
    94 | D        | Found a radiant altar of Vehumet.
    96 | D        | Became a worshipper of Makhleb the Destroyer
    98 | D        | Found a shimmering altar of Xom.
    99 | D        | Found a basalt altar of Yredelemnul.
   100 | D        | Found a glowing silver altar of Zin.
   101 | D        | Found a glowing golden altar of the Shining One.
   151 | D        | Noticed a gargoyle
   151 | D        | Noticed a centaur
   152 | D        | Reached skill level 7 in Long Blades
   159 | D        | Killed a centaur
   159 | D        | Reached * piety under Makhleb
   159 | D        | Reached skill level 9 in Long Blades
   159 | D        | Reached skill level 5 in Evocations
   159 | D        | Reached XP level 5. HP: 50/50 MP: 6/9
   176 | D        | Slain by a gargoyle

Vault maps used:
D:        linesprint

Skill      XL: |  1  2  3  4 |
---------------+-------------+-----
Fighting       | 2 3 |  3.8
Evocations     | 2 3 5 |  5.7
Long Blades    | 5 6 9 |  9.5
Dodging        | 4 5 |  5.7
Armour         | 1 3 |  3.2
Throwing       | |  1.7

Action                   |  1- 3 |  4- 6 || total
-------------------------+-------+-------++-------
Melee: Long sword        |    58 |    22 ||    80
Evoke: Wand              |       |     2 ||     2
  Use: Potion            |       |     1 ||     1
Armor: Leather armour    |    12 |       ||    12
       Scale mail        |       |     2 ||     2
Dodge: Dodged            |    30 |     8 ||    38
       Rpst.: Long sword |     9 |     1 ||    10
